 Dungeon Crawl Stone Soup version 0.26-a0-259-g1effd001a9 (webtiles) character file.

Game seed: 13296423438741440036

51 Esekla the Skirmisher (level 4, 0/37 HPs)
             Began as a Formicid Abyssal Knight on July 13, 2020.
             Was a Follower of Lugonu.
             Succumbed to an adder's poison
             ... on level 3 of the Dungeon.
             The game lasted 00:10:38 (1453 turns).

Esekla the Skirmisher (Formicid Abyssal Knight)     Turns: 1453, Time: 00:10:38

Health: 0/37       AC:  3    Str: 17    XL:     4   Next: 5%
Magic:  1/5        EV: 11    Int: 11    God:    Lugonu [*.....]
Gold:   257        SH:  0    Dex: 11    Spells: 5/5 levels left

rFire    . . .     SeeInvis +   a - +1 falchion
rCold    . . .     Faith    .   (no shield)
rNeg     . . .     Spirit   +   b - +0 leather armour
rPois    .         Reflect  .   (helmet unavailable)
rElec    .         Harm     .   (no cloak)
rCorr    .                      (no gloves)
MR       .....                  (no boots)
Stlth    +.........             j - amulet of guardian spirit
HPRegen  0.12/turn              (no ring)
MPRegen  0.09/turn              (no ring)

@: mighty, lethally poisoned (0 -> -12)
A: permanent stasis, dig shafts and tunnels, four strong arms, antennae 3
a: Dig, Shaft Self, Depart the Abyss, Renounce Religion


You were on level 3 of the Dungeon.
You worshipped Lugonu.
Lugonu was aware of your devotion.
You were not hungry.

You visited 1 branch of the dungeon, and saw 3 of its levels.
You visited the Abyss 1 time.

You collected 257 gold pieces.

Inventory:

Hand Weapons
 a - a +1 falchion (weapon)
Missiles
 k - 3 boomerangs (quivered)
Armour
 b - a +0 leather armour (worn)
Jewellery
 j - an amulet of guardian spirit (around neck)
Wands
 e - a wand of digging (6)
 o - a wand of iceblast (6)
Scrolls
 d - a scroll of immolation {unknown}
 f - a scroll of holy word {unknown}
 g - 2 scrolls of fog
 h - 2 scrolls of identify {unknown}
 p - a scroll of enchant armour {unknown}
Potions
 i - a potion of degeneration {unknown}
 l - a potion of flight {unknown}
 n - a potion of brilliance {unknown}
Comestibles
 c - 7 rations


   Skills:
 * Level 3.9 Fighting
 * Level 2.5 Long Blades
 + Level 0.8 Throwing
 * Level 2.2 Armour
 + Level 0.8 Dodging
 + Level 0.2 Stealth
 * Level 1.1 Spellcasting
 * Level 2.6 Invocations


You had 5 spell levels left.
You didn't know any spells.
Your spell library was empty.

Dungeon Overview and Level Annotations

Branches:
Dungeon (3/15)

Altars:


Innate Abilities, Weirdness & Mutations

You cannot be hasted, slowed, berserked, paralysed or teleported.
You can dig through walls and to a lower floor.
Your four strong arms can wield two-handed weapons with a shield.
You have a pair of large antennae on your head. (SInv)


Message History

You feel sick. The adder bites you.
* * * LOW HITPOINT WARNING * * *
You are more poisoned.
The adder poisons you! The adder barely misses you.
You hit the adder.
You kill the adder!
Lugonu accepts your kill.
You have reached level 4!
You feel stronger.
* * * LOW HITPOINT WARNING * * *
You feel sick.
Okay, then.
Okay, then.
As you read the scroll labeled REUKHER EPYU, it crumbles to dust.
The scroll dissolves into smoke.
It was a scroll of fog.
* * * LOW HITPOINT WARNING * * *
You feel sick.
It was a potion of might.
You feel very mighty all of a sudden.
You die...

# #.#. #.#.## #..... [#
#.....## .#.# ..#
#......###...#.##..
#.#.§#§§§....#.#..
#.#.§§@#######.#.#.####
#.#.##§#.......#.#...>#
#.#..§§§.........####.#
#.####...........####.#
########.# #................#
.........####..........#######
#........#..........#
#........#..........#
#........#.....†....#


There were no monsters in sight!

Vanquished Creatures
  2 adders (D:3)
  A worm (D:2)
  A dart slug (D:2)
  A leopard gecko (D:1)
  3 bats (D:1)
  2 giant cockroaches (D:1)
  2 goblins (D:1)
  5 hobgoblins
  A quokka (D:2)
  A frilled lizard (D:1)
  3 kobolds
  7 rats
29 creatures vanquished.

Notes
Turn   | Place    | Note
-------+----------+-------------------------------------------
     0 | Abyss:1  | Esekla the Formicid Abyssal Knight began the quest for the
                  | Orb.
     0 | Abyss:1  | Reached XP level 1. HP: 18/18 MP: 2/2
    89 | Abyss:3  | Found a corrupted altar of Lugonu.
   105 | Abyss:3  | Noticed a merfolk
   105 | Abyss:3  | a glowing shapeshifter changed into a merfolk
   119 | Abyss:3  | Noticed a hell hog
   160 | Abyss:4  | Found a corrupted altar of Lugonu.
   178 | Abyss:4  | Noticed an eye of draining
   186 | Abyss:4  | Noticed a fire bat
   197 | D:1      | Escaped the Abyss
   229 | D:1      | Noticed a black bear
   229 | D:1      | Noticed a crocodile
   229 | D:1      | Noticed an anaconda
   470 | D:1      | Reached XP level 2. HP: 24/24 MP: 3/3
   502 | D:1      | Reached * piety under Lugonu
   948 | D:2      | Reached XP level 3. HP: 8/30 MP: 0/4
  1315 | D:3      | Reached skill level 1 in Spellcasting
  1451 | D:3      | Reached XP level 4. HP: 4/37 MP: 0/5
  1452 | D:3      | HP: 1/37 [poisoned by an adder]
  1453 | D:3      | Succumbed to an adder's poison

Illustrated notes

Levels and vault maps discovered:
D:1:      onia_arrival_zoo_common, layout_basic, hangedman_decor_diamond_cutter
D:2:      layout_basic, first_ration
D:3:      layout_basic, minivault_26

Skill      XL: |  1  2  3 |
---------------+----------+-----
Spellcasting   | 1 |  1.1
Fighting       | |  3.9
Long Blades    | |  2.5
Throwing       | |  0.8
Armour         | |  2.2
Dodging        | |  0.8
Stealth        | |  0.2
Invocations    | |  2.6

Action                   |  1- 3 |  4- 6 || total
-------------------------+-------+-------++-------
Melee: Falchion          |    88 |       ||    88
Throw: Boomerang         |     5 |       ||     5
Invok: Depart the Abyss  |     1 |       ||     1
 Abil: Dig               |     3 |       ||     3
  Use: Scroll            |       |     1 ||     1
       Potion            |       |     1 ||     1
  Eat: Ration            |     1 |       ||     1
Armor: Leather armour    |    14 |       ||    14
Dodge: Dodged            |    44 |       ||    44
       Rpst.: Falchion   |    15 |       ||    15

Table legend:
 A = Non-vault XP
 B = Vault XP
 C = Vault XP percentage of total XP
 D = Non-vault monster count
 E = Vault monster count
 F = Vault count percentage of total count
                 A         B        C        D         E       F
            +---------+---------+-------+---------+---------+-------
      Total |      73 |       0 |   0.0 |      29 |       0 |   0.0
            +---------+---------+-------+---------+---------+-------
        D:1 |      28 |       0 |   0.0 |      18 |       0 |   0.0
        D:2 |      18 |       0 |   0.0 |       8 |       0 |   0.0
        D:3 |      27 |       0 |   0.0 |       3 |       0 |   0.0
            +---------+---------+-------+---------+---------+-------
